 Dungeon Crawl Stone Soup version 0.24.1-14-gf8d2b509d9 (webtiles) character file.

Game seed: 6549368171793613346, levelgen mode: deterministic

1117 Gabide the Grappler (level 8, 0/39 HPs)
             Began as a Vine Stalker Gladiator on May 16, 2020.
             Was a Follower of Uskayaw.
             Killed from afar by an electric eel (7 damage)
             ... with a bolt of electricity
             ... on level 6 of the Dungeon on May 17, 2020.
             The game lasted 00:18:01 (4441 turns).

Gabide the Grappler (Vine Stalker Gladiator)        Turns: 4441, Time: 00:18:01

Health: 0/39       AC:  7    Str: 19    XL:     8   Next: 34%
Magic:  0/9        EV: 19    Int:  8    God:    Uskayaw [*.....]
Gold:   437        SH:  4    Dex: 16    Spells: 7/7 levels left

rFire    . . .     SeeInvis .     - Unarmed
rCold    . . .     Gourm    .   (no shield)
rNeg     . . .     Faith    .   a - +2 leather armour
rPois    .         Spirit   +   b - +0 helmet
rElec    .         Reflect  +   (no cloak)
rCorr    .         Harm     .   (no gloves)
MR       +....                  o - +0 pair of boots
Stlth    +++.......             l - +4 amulet of reflection
HPRegen  0.53/turn              f - +6 ring of evasion
MPRegen  0.11/turn              (no ring)

@: no status effects
A: fangs 3, regeneration 1, magic shield, antimagic bite, no potion heal 3, rot
immunity
a: Stomp, Renounce Religion


You were on level 6 of the Dungeon.
You worshipped Uskayaw.
Uskayaw was noncommittal.
You were not hungry.

You visited 1 branch of the dungeon, and saw 6 of its levels.

You collected 437 gold pieces.

Inventory:

Hand Weapons
 e - a +3 dagger of venom
Missiles
 k - 2 throwing nets
 m - a javelin (quivered)
Armour
 a - a +2 leather armour (worn)
 b - a +0 helmet (worn)
 o - a +0 pair of boots (worn)
Jewellery
 f - a +6 ring of evasion (left hand)
 l - a +4 amulet of reflection (around neck)
Wands
 w - a wand of scattershot (8)
Scrolls
 n - 5 scrolls of teleportation
 y - 3 scrolls of identify
Potions
 c - a potion of heal wounds {unknown}
 g - a potion of might
 h - a potion of mutation
 i - 3 potions of flight {unknown}
 q - 3 potions of curing {unknown}
 r - 3 potions of lignification {unknown}
 t - 2 potions of haste {unknown}
 x - a potion of brilliance {unknown}
 z - a potion of agility {unknown}
Comestibles
 d - 4 rations


   Skills:
 + Level 2.1 Fighting
 * Level 3.0 Throwing
 - Level 0.6 Armour
 + Level 3.4 Dodging
 * Level 5.0 Stealth
 * Level 8.1 Unarmed Combat


You had 7 spell levels left.
You didn't know any spells.
Your spell library was empty.

Dungeon Overview and Level Annotations

Branches:
Dungeon (6/15)
 Temple: D:4-7

Altars:
Sif Muna
Uskayaw
Vehumet
Xom

Shops:
D:4 }


Innate Abilities, Weirdness & Mutations

You have razor-sharp teeth.
Your natural rate of healing is unusually fast.
When hurt, damage is shared between your health and your magic reserves.
Your bite disrupts and absorbs the magic of your enemies.
Potions cannot restore your health.
You are immune to rotting.


Message History

You enter the shallow water.
Moving in this stuff is going to be slow.
An electric eel comes into view.
An electric eel is nearby!
An electric eel comes into view.
The electric eel shoots out a bolt of lightning at you!
The bolt of electricity hits you.
The electric eel shoots out a bolt of lightning at you!
The bolt of electricity hits you.
Found a ration.
The electric eel shoots out a bolt of lightning at you!
The bolt of electricity hits you!
The electric eel shoots out a bolt of lightning at you!
The bolt of electricity hits you!
The electric eel shoots out a bolt of lightning at you!
The bolt of electricity hits you!
* * * LOW HITPOINT WARNING * * *
The electric eel shoots out a bolt of lightning at you!
The bolt of electricity hits you!
You die...

#.............#.
#.............#.
########'#....#.
#........#....#.
#........#...[#.
###......#....##
########## #.######......
.........# #.# #..<...
.....###@###.######......
%≈≈≈≈≈.....≈..≈.≈≈≈≈.....
≈.≈≈≈≈≈.≈≈≈≈≈.≈≈≈≈≈.#+###
≈.≈♣♣♣≈.≈♣♣♣≈≈≈♣♣♣≈.....#
≈ ♣≈.≈♣ ♣≈≈≈♣ ♣≈≈..).'
♣≈.≈♣ ♣≈.≈♣♣♣≈≈....#
≈≈;.;≈ ≈≈.≈≈≈≈≈.>...#
...≈≈≈....≈.≈..≈.....#
≈≈≈≈.≈≈≈≈≈≈≈≈≈≈≈≈....#


You could see 2 electric eels.

Vanquished Creatures
  A black bear (D:6)
  An ogre (D:4)
  A phantom (D:4)
  A necrophage (D:3)
  A scorpion (D:4)
  A howler monkey (D:6)
  A bullfrog skeleton (D:4)
  3 hounds
  3 orc wizards
  An orc priest (D:2)
  6 worker ants
  Robin (D:2)
  A howler monkey zombie (D:6)
  11 adders
  4 gnolls (D:3)
  A shadow imp (D:6)
  An ooze (D:4)
  A worm (D:3)
  3 dart slugs
  3 leopard geckos
  9 orcs
  9 ball pythons
  5 giant cockroaches
  20 goblins
  10 hobgoblins
  7 jackals
  11 kobolds
  3 quokkas
  8 bats
  3 frilled lizards
  A leopard gecko skeleton (D:6)
  9 rats
141 creatures vanquished.

Vanquished Creatures (others)
  A goblin (D:3)
1 creature vanquished.

Grand Total: 142 creatures vanquished

Notes
Turn   | Place    | Note
-------+----------+-------------------------------------------
     0 | D:1      | Gabide the Vine Stalker Gladiator began the quest for the
                  | Orb.
     0 | D:1      | Reached XP level 1. HP: 11/11 MP: 2/2
   347 | D:1      | Reached XP level 2. HP: 12/15 MP: 3/3
   808 | D:1      | Reached XP level 3. HP: 14/18 MP: 4/4
  1206 | D:2      | Reached skill level 4 in Unarmed Combat
  1224 | D:2      | Reached skill level 1 in Stealth
  1237 | D:2      | Gained mutation: Your natural rate of healing is unusually
                  | fast. [Vine Stalker growth]
  1237 | D:2      | Reached XP level 4. HP: 16/23 MP: 3/5
  1255 | D:2      | Noticed Robin
  1312 | D:2      | Killed Robin
  1475 | D:2      | Found a blossoming altar of Fedhas.
  1477 | D:2      | Found a bloodstained altar of Trog.
  1477 | D:2      | Found a stormy altar of Qazlal.
  1479 | D:2      | Found a glowing golden altar of the Shining One.
  1479 | D:2      | Found a radiant altar of Vehumet.
  1479 | D:2      | Found a shimmering altar of Xom.
  1540 | D:2      | Reached XP level 5. HP: 7/26 MP: 6/6
  1556 | D:3      | Reached skill level 5 in Unarmed Combat
  1968 | D:2      | Found a shimmering blue altar of Sif Muna.
  2055 | D:3      | Noticed a necrophage
  2064 | D:3      | Killed a necrophage
  2064 | D:3      | Reached XP level 6. HP: 30/30 MP: 7/7
  2116 | D:3      | Reached skill level 6 in Unarmed Combat
  2649 | D:3      | Reached XP level 7. HP: 35/35 MP: 8/8
  2674 | D:3      | Found a hide-covered altar of Uskayaw.
  2688 | D:3      | Became a worshipper of Uskayaw the Reveler
  2758 | D:4      | Reached * piety under Uskayaw
  2763 | D:4      | Reached ** piety under Uskayaw
  2770 | D:4      | Reached *** piety under Uskayaw
  2842 | D:4      | Reached skill level 7 in Unarmed Combat
  3222 | D:4      | Found Supsolax's Gadget Emporium.
  3676 | D:4      | Gained mutation: You have razor-sharp teeth. [Vine Stalker
                  | growth]
  3676 | D:4      | Reached XP level 8. HP: 39/39 MP: 4/9
  3992 | D:5      | Entered Level 5 of the Dungeon
  4143 | D:5      | You fall into a shaft and drop 1 floor!
  4398 | D:6      | Reached skill level 5 in Stealth
  4398 | D:6      | Reached skill level 8 in Unarmed Combat
  4441 | D:6      | Killed from afar by an electric eel

Levels and vault maps discovered:
D:1:      nagdon_arrival_zigzag_paths, layout_basic, nrook_campfire,
          minmay_rat_gold_closets
D:2:      layout_rooms, doesnt_xom_only_xom, led_sif_pool, uniq_robin
D:3:      layout_basic, eat_drink_and_be_merry_uskayaw, minmay_pentangle
D:4:      layout_layer_cave, serial_shops, shop, minmay_snake_closets
D:5:      layout_basic, minmay_temple_entry_overgrown, first_ration,
          gup_sewer_entry_bubbles, serial_bayou_pond_a,
          okawaru_ov_weapons_minmay
D:6:      layout_gridville, kennysheep_boxes

Skill      XL: |  1  2  3  4  5  6  7  8 |
---------------+-------------------------+-----
Unarmed Combat | 4 5 6 7 8 |  8.1
Stealth        | 1 2 3 4 5 |  5.0
Fighting       | 2 |  2.1
Dodging        | 3 |  3.4
Throwing       | 2 3 |  3.0
Armour         | |  0.6

Action                   |  1- 3 |  4- 6 |  7- 9 || total
-------------------------+-------+-------+-------++-------
Melee: Unarmed           |    99 |   190 |   115 ||   404
       Bite              |    30 |    51 |    35 ||   116
       Punch             |     1 |     5 |     2 ||     8
Throw: Throwing net      |     3 |     3 |     3 ||     9
       Javelin           |       |     2 |    21 ||    23
Invok: Line Pass         |       |       |     2 ||     2
  Use: Scroll            |     3 |     4 |     5 ||    12
 Stab: Sleeping          |     5 |     2 |     6 ||    13
       Held in net/web   |     1 |       |       ||     1
  Eat: Chunk             |     1 |     5 |     3 ||     9
       Ration            |       |       |     1 ||     1
Armor: Leather armour    |    21 |    27 |    14 ||    62
Dodge: Dodged            |    70 |   157 |    72 ||   299
Block: Other             |       |    12 |    18 ||    30
       Reflection        |       |     1 |       ||     1
